Map: Protocole central

Players

DarthSonGoku

  • Race: Terran Terran
  • League: Diamond

Worming - Winner!

  • Race: Zerg Zerg
  • League: Diamond

VOD

Have the link to the VOD?

Description

Time

  • Played on: Nov. 12, 2015, 1:34 p.m.
  • Length: 11:31
Show
View Real Time Build Order
Export as new Build Order

DarthSonGoku Terran 

Build Orders: Liberator Opening, Reaper Expand, MMM Bio 

Get SALT Encoding   

  12  0:01  SCV  
  13  0:13  SCV  
  14  0:17  Supply Depot  
  14  0:25  SCV  
  15  0:39  SCV  
  15  0:40  Barracks  
  16  0:45  Refinery  
  16  0:51  SCV  
  17  1:03  SCV  
  18  1:15  SCV  
  19  1:28  Orbital Command  
  19  1:30  Reaper  
  20  1:34  Supply Depot  
  20  1:50  Command Center  
  21  1:54  SCV  
  21  2:01  Refinery  
  21  2:04  Barracks Reactor  
  21  2:09  SCV  
  22  2:21  SCV  
  23  2:25  Factory  
  22  2:33  SCV  
  23  2:42  Marine x2  
  25  2:45  SCV  
  26  2:57  SCV  
  27  3:03  Orbital Command  
  29  3:09  SCV  
  29  3:12  Starport  
  28  3:22  SCV  
  28  3:24  Hellion x2  
  33  3:27  Bunker  
  33  3:28  Barracks Reactor  
  33  3:32  SCV  
  33  3:34  SCV  
  35  3:38  Supply Depot  
  35  3:41  Liberator  
  35  3:42  Armory  
  35  3:45  Hellion  
  35  3:46  SCV  
  38  3:52  Hellion  
  40  4:00  SCV  
  44  4:02  Orbital Command  
  44  4:07  Hellion, Marine x2  
  48  4:12  SCV  
  49  4:21  Hellion  
  51  4:24  Supply Depot, SCV  
  51  4:25  Supply Depot, Marine  
  51  4:26  Marine  
  54  4:46  SCV x2  
  54  4:48  Barracks  
  54  4:52  Factory  
  56  4:54  Factory Tech Lab  
  56  4:58  SCV x2  
  58  5:00  Bunker  
  58  5:01  Bunker, Marine x2  
  60  5:13  SCV x2  
  62  5:17  Starport Reactor  
  62  5:18  Siege Tank  
  65  5:22  Refinery  
  65  5:24  Refinery  
  65  5:25  SCV  
  66  5:28  Barracks, SCV  
  67  5:37  SCV  
  67  5:40  SCV  
  67  5:41  Barracks Tech Lab  
  67  5:42  Factory Tech Lab  
  69  5:49  SCV  
  70  6:05  Supply Depot x2  
  70  6:06  Stimpack  
  70  6:10  Barracks  
  70  6:14  Barracks  
  70  6:26  Medivac, Marine  
  70  6:27  Marine, Siege Tank, SCV x2  
  70  6:28  Marauder  
  70  6:29  Marine  
  82  6:33  Supply Depot  
  82  6:35  Supply Depot  
  82  6:39  SCV x2  
  84  6:44  Marine  
  84  6:45  Marine  
  86  6:52  Engineering Bay  
  86  6:54  SCV x2, Siege Tank, Supply Depot, Marine  
  86  6:55  Marauder  
  86  6:56  Engineering Bay  
  86  6:58  Medivac  
  86  6:59  Supply Depot  
  96  7:02  Marine  
  96  7:06  SCV x2  
  99  7:16  Marauder  
  99  7:19  SCV x2  
  102  7:31  Marine  
  102  7:32  Marine  
  102  7:34  Hellion x2  
  106  7:37  Marauder  
  106  7:38  Terran Infantry Weapons Level 1, Terran Infantry Armor Level 1  
  106  7:41  Supply Depot  
  108  7:44  Supply Depot  
  108  7:48  Barracks Reactor  
  108  7:49  Barracks Tech Lab, Supply Depot, Marine  
  108  7:50  Marine  
  108  7:51  Command Center  
  108  7:59  Marauder  
  109  8:07  Marine  
  109  8:08  Marine x2  
  112  8:13  Siege Tank  
  112  8:19  Command Center  
  103  8:20  Marauder  
  103  8:25  Marine x3  
  103  8:26  Marauder  
  94  8:31  Marine  
  94  8:33  Siege Tank  
  90  8:41  Command Center, Marauder  
  90  8:42  Combat Shields, Marine  
  90  8:43  Marine x2  
  90  8:47  Marauder  
  97  8:48  Marine  
  97  8:53  Barracks  
  98  8:57  Barracks  
  98  9:00  Marine x2  
  98  9:01  Marine  
  101  9:03  Marauder  
  101  9:06  Marine  
  101  9:08  Marine  
  101  9:09  Barracks  
  105  9:18  Marine x2  
  105  9:19  Marine  
  108  9:24  Marauder, Marine  
  108  9:27  Marauder  
  108  9:31  Medivac x2  
  117  9:36  Marine x2  
  119  9:41  Marine  
  119  9:44  Barracks Reactor  
  120  9:52  SCV  
  121  9:53  Marauder, Marine x3  
  121  9:54  Marine x2  
  121  9:59  Supply Depot  
  120  10:05  Marine  
  119  10:11  Marauder  
  119  10:12  Marine x5  
  120  10:15  Marauder  
  120  10:33  Marauder  
  122  10:36  Marauder  
  122  10:38  Siege Tank x2  
  130  10:51  Marine  
  130  10:54  Marauder  
  133  10:57  Marauder, Marine  
  139  11:12  Marine x2  
Show
View Real Time Build Order
Export as new Build Order

Worming Zerg - Winner!

Build Orders: Hatch First, Lurkers 

Get SALT Encoding   

  12  0:01  Drone  
  13  0:13  Overlord  
  13  0:19  Drone  
  14  0:33  Drone x2  
  14  0:35  Drone  
  17  0:54  Hatchery  
  16  0:57  Drone  
  16  1:01  Drone  
  18  1:14  Spawning Pool  
  18  1:16  Drone  
  18  1:20  Drone  
  19  1:29  Drone  
  20  1:42  Overlord  
  20  2:01  Queen  
  20  2:02  Zergling x2  
  20  2:03  Zergling x2  
  24  2:08  Queen  
  24  2:12  Drone  
  27  2:24  Drone x2  
  29  2:35  Drone  
  29  2:37  Queen, Overlord  
  30  2:42  Drone x2  
  34  2:48  Extractor  
  33  2:57  Roach Warren  
  33  2:58  Extractor  
  31  3:01  Drone x2  
  31  3:02  Drone x2  
  35  3:16  Hatchery  
  34  3:30  Drone x4  
  34  3:31  Drone  
  34  3:32  Drone x3  
  42  3:40  Overlord x2  
  40  4:01  Roach  
  40  4:02  Roach x4  
  50  4:11  Drone  
  50  4:15  Drone  
  50  4:16  Overlord  
  52  4:18  Roach x2  
  56  4:26  Metabolic Boost  
  56  4:34  Drone x2  
  56  4:35  Overlord  
  56  4:37  Overlord  
  56  4:38  Overlord  
  58  4:39  Overlord  
  58  4:45  Lair  
  58  4:55  Drone x3  
  58  4:56  Extractor x2  
  58  4:57  Roach x2  
  63  5:00  Queen  
  63  5:03  Drone x8  
  73  5:11  Overlord  
  73  5:16  Drone x2  
  73  5:17  Evolution Chamber  
  73  5:18  Drone, Evolution Chamber  
  74  5:24  Ravager  
  74  5:25  Ravager  
  76  5:32  Drone x2  
  76  5:34  Drone x4  
  82  5:38  Spore Crawler  
  82  5:39  Spore Crawler  
  80  5:47  Spore Crawler, Overlord  
  79  5:59  Glial Reconstitution  
  79  6:00  Zerg Missile Weapons Level 1  
  79  6:02  Hydralisk Den  
  78  6:13  Overseer  
  78  6:16  Zerg Ground Armor Level 1  
  78  6:17  Drone x2  
  80  6:21  Zergling x2  
  81  6:34  Drone x2  
  81  6:35  Infestation Pit  
  82  6:44  Drone x6  
  82  6:46  Drone x3, Extractor  
  82  6:47  Drone x7, Extractor  
  96  6:59  Muscular Augments  
  96  7:01  Hatchery  
  96  7:02  Overlord x5  
  95  7:24  Roach  
  95  7:25  Roach x8  
  109  7:33  Hive, Overlord x2  
  109  7:34  Roach  
  109  7:35  Roach  
  113  7:39  Queen  
  115  7:53  Roach  
  115  7:54  Roach x8  
  131  8:02  Zerg Missile Weapons Level 2  
  125  8:21  Roach, Hydralisk x2  
  125  8:22  Roach x3  
  117  8:31  Hydralisk, Lurker Den  
  117  8:32  Hydralisk x7  
  129  8:46  Overlord  
  129  8:52  Zerg Ground Armor Level 2  
  129  9:01  Roach  
  129  9:02  Roach x13  
  157  9:09  Queen  
  157  9:13  Zergling x2  
  157  9:16  Overlord  
  157  9:17  Overlord  
  160  9:23  Spire  
  159  9:25  Zergling x12  
  159  9:26  Zergling x6  
  159  9:28  Hydralisk, Extractor  
  159  9:29  Extractor, Hydralisk x2  
  172  9:34  Overlord  
  172  9:50  Roach x2, Hydralisk x4  
  172  9:51  Zergling x4, Roach x2  
  190  10:00  Overlord  
  190  10:03  Spore Crawler  
  189  10:10  Drone x3  
  189  10:11  Drone x3  
  191  10:22  Overlord  
  191  10:23  Overlord, Pneumatized Carapace  
  191  10:27  Pathogen Glands  
  187  10:37  Lurker x2  
  187  10:41  Lurker x3  
  184  10:45  Lurker x4  
  184  10:48  Roach x3  
  184  10:49  Zergling x12, Roach  
  200  10:51  Overlord x2  
  200  11:08  Hatchery  
Tags
 
Add a new tag
Caveats
  • Supply blocks, unpowered buildings, or Contaminate may cause inaccurate times.
  • Supply counts are checked every 10 seconds.